 Seeded DCSS version 0.28.0-62-gf88900778d (webtiles) character file.

Game seed: 13591998346360536447 (custom seed)

144934 Psyclone the Devastator (level 16, 114/114 HPs)
             Began as a Deep Elf Conjurer on Oct 29, 2023.
             Was the Champion of Cheibriados.
             Quit the game on level 2 of the Swamp on Oct 30, 2023.
             The game lasted 01:45:56 (40992 turns).

Psyclone the Devastator (Deep Elf Conjurer)        Turns: 40992, Time: 01:45:57

Health: 114/114    AC: 27    Str: 23    XL:     16   Next: 86%
Magic:  40/40      EV: 30    Int: 65    God:    Cheibriados [******]
Gold:   1056       SH:  9    Dex: 28    Spells: 10/51 levels left

rFire   + . .      SeeInvis .   a - +3 Elemental Staff {rElec rF++ rC++ AC+5}
rCold   + + .      Faith    .   k - +0 buckler
rNeg    + . .      Spirit   .   Q - +0 steam dragon scales
rPois   +          Reflect  .   G - +1 hat
rElec   +          Harm     .   e - +2 cloak of the Hidden Vale {rPois rF- Str+2 Int+8}
rCorr   .          Rampage  .   F - +2 pair of gloves {Stlth+}
Will    ++++.      Archmagi +   R - +0 pair of boots {Stlth+}
Stlth   +++++..... Clarity  +   J - amulet of the Four Winds {rN+ Will+++ Clar}
HPRegen 0.29/turn               q - ring of Dishonour {AC+4 Int+8}
MPRegen 0.27/turn               r - ring of the Mage {Wiz Archmagi}

@: studying 4 skills, very slow
A: iridescent scales 1, clever 1, robust 1, strong 1, wild magic 1
a: Renounce Religion, Bend Time, Temporal Distortion, Slouch, Step From Time


You were on level 2 of the Swamp.
You worshipped Cheibriados.
Cheibriados was exalted by your worship.
You visited 5 branches of the dungeon, and saw 26 of its levels.
You also visited: Volcano.

You collected 14734 gold pieces.
You spent 8565 gold pieces at shops.
You paid 5113 gold pieces to Gozag.

Inventory:

Hand Weapons
 a - the +3 Elemental Staff (weapon) {rElec rF++ rC++ AC+5}
   (You acquired it on level 9 of the Dungeon)

   If the wielder is skilled in Evocations, they can discharge powerful blasts
   of elemental energy when striking with it.
   It enhances your fire, ice, earth and air magic.
   AC:        It affects your AC (+5).
   rF:        It greatly protects you from fire.
   rC:        It greatly protects you from cold.
   rElec:     It insulates you from electricity.
 N - the +8 storm bow {elec, penet}
   (You found it on level 9 of the Dungeon)

   Any ammunition fired from it occasionally discharges a powerful burst of
   electricity upon striking a foe.
   Any ammunition fired by it passes through the targets it hits, potentially
   hitting all targets in its path until it reaches maximum range.
Missiles
 y - a throwing net {!f}
Armour
 e - the +2 cloak of the Hidden Vale (worn) {rPois rF- Str+2 Int+8}
   (You acquired it on level 4 of the Dungeon)

   Str:       It affects your strength (+2).
   Int:       It affects your intelligence (+8).
   rF:        It makes you vulnerable to fire.
   rPois:     It protects you from poison.
 k - a +0 buckler (worn)
 F - a +2 pair of gloves of stealth (worn)
 G - a +1 hat (worn)
 Q - +0 steam dragon scales (worn)
 R - a +0 pair of boots of stealth (worn)
 U - a +0 tower shield
Jewellery
 q - the ring of Dishonour (left hand) {AC+4 Int+8}
   (You acquired it on level 11 of the Dungeon)

   [ring of protection]

   AC:        It affects your AC (+4).
   Int:       It affects your intelligence (+8).
 r - the ring of the Mage (right hand) {Wiz Archmagi}
   (You bought it in a shop on level 11 of the Dungeon)

   [ring of wizardry]

   It improves your spell success rate.
   Archmagi:  It increases the power of your magical spells.
 J - the amulet of the Four Winds (around neck) {rN+ Will+++ Clar}
   (You bought it in a shop on level 11 of the Dungeon)

   [amulet of nothing]

   rN:        It protects you from negative energy.
   Clar:      It protects you against confusion.
   Will:      It greatly increases your willpower.
Wands
 b - a wand of charming (40)
 c - a wand of mindburst (17)
 g - a wand of flame (91)
 j - a wand of iceblast (17)
 l - a wand of paralysis (9)
 m - a wand of digging (8)
 P - a wand of acid (9)
 S - a wand of polymorph (15)
Scrolls
 d - 26 scrolls of identify {@r1}
 h - 4 scrolls of noise {unknown}
 n - 2 scrolls of immolation {unknown}
 p - 5 scrolls of amnesia {unknown}
 s - 6 scrolls of fog {unknown}
 t - 2 scrolls of blinking
 v - 13 scrolls of teleportation {unknown}
 x - 3 scrolls of holy word {unknown}
 z - 3 scrolls of torment {unknown}
 B - 2 scrolls of enchant weapon {unknown}
 D - 6 scrolls of vulnerability {unknown}
 H - 3 scrolls of summoning {unknown}
 K - 4 scrolls of magic mapping {unknown}
 O - 5 scrolls of enchant armour {unknown}
 T - a scroll of silence {unknown}
Potions
 f - 2 potions of ambrosia {unknown}
 i - 9 potions of curing {unknown}
 o - 4 potions of mutation
 u - 3 potions of brilliance {unknown}
 w - 6 potions of haste {unknown}
 A - 2 potions of attraction {unknown}
 C - a potion of invisibility {unknown}
 E - 7 potions of heal wounds {unknown}
 I - 7 potions of lignification {unknown}
 L - 4 potions of might {unknown}
 M - 2 potions of cancellation {unknown}
 V - a potion of flight {unknown}


   Skills:
 + Level 13.1 Fighting
 - Level 9.0 Armour
 - Level 17.0 Dodging
 - Level 2.4 Stealth
 + Level 10.9 Shields
 - Level 18.0 Spellcasting
 - Level 18.0 Conjurations
 - Level 6.0 Necromancy
 - Level 6.0 Earth Magic
 - Level 6.0 Poison Magic


You had 10 spell levels left.
You knew the following spells:

 Your Spells              Type           Power      Damage    Failure   Level
a - Poisonous Vapours     Pois/Air       100%       N/A       1%          2
b - Searing Ray           Conj           100%       2d8       1%          2
c - Borgnjor's Vile Clut  Necr/Erth      79%        N/A       1%          5
d - Fulminant Prism       Conj/Hex       74%        3d30      1%          4
e - Iskenderun's Mystic   Conj/Tloc      100%       2d19      1%          4
f - Freezing Cloud        Conj/Ice/Air   92%        6-21      1%          5
g - Mephitic Cloud        Conj/Pois/Air  100%       N/A       1%          3
h - Statue Form           Tmut/Erth      91%        N/A       4%          6
q - Blink                 Tloc           100%       N/A       1%          2
s - Ignite Poison         Fire/Tmut/Pois 100%       N/A       1%          3
v - Magic Dart            Conj           100%       1d8       1%          1
x - Olgreb's Toxic Radia  Pois           100%       N/A       1%          4

Your spell library contained the following spells:

 Spells                   Type           Power      Damage    Failure   Level
 Animate Skeleton         Necr           100%       N/A       1%          1
 Apportation              Tloc           100%       N/A       1%          1
 Foxfire                  Conj/Fire      100%       2x1d9     1%          1
 Pain                     Necr           100%       1d9       1%          1
 Sting                    Tmut/Pois      100%       1d8       1%          1
 Static Discharge         Conj/Air       100%       N/A       1%          2
 Sublimation of Blood     Necr           100%       N/A       1%          2
 Wereblood                Tmut           85%        N/A       1%          2
 Confusing Touch          Hex            85%        N/A       1%          3
 Conjure Flame            Conj/Fire      100%       6-21      1%          3
 Dazzling Flash           Conj/Hex       100%       N/A       1%          3
 Inner Flame              Hex/Fire       100%       N/A       1%          3
 Ozocubu's Armour         Ice            100%       N/A       1%          3
 Portal Projectile        Hex/Tloc       100%       N/A       1%          3
 Vampiric Draining        Necr           100%       2d13      1%          3
 Dispel Undead            Necr           100%       3d31      1%          4
 Flame Wave               Conj/Fire      100%       2d17      1%          4
 Leda's Liquefaction      Hex/Erth       68%        N/A       1%          4
 Passage of Golubria      Tloc           85%        N/A       1%          4
 Petrify                  Tmut/Erth      100%       N/A       1%          4
 Sticky Flame             Conj/Fire      100%       2d11      1%          4
 Agony                    Necr           100%       N/A       1%          5
 Alistair's Intoxication  Tmut/Pois      75%        N/A       1%          5
 Excruciating Wounds      Necr           66%        N/A       1%          5
 Irradiate                Conj/Tmut      74%        3d38      1%          5
 Lee's Rapid Deconstruct  Erth           79%        3d36*     1%          5
 Iron Shot                Conj/Erth      94%        9d17      1%          6
 Manifold Assault         Tloc           85%        N/A       3%          5
 Silence                  Hex/Air        53%        N/A       3%          5
 Yara's Violent Unravell  Hex/Tmut       42%        3d17      3%          5
 Eringya's Noxious Bog    Tmut/Pois      56%        N/A       4%          6
 Dispersal                Tloc           42%        N/A       14%         6
 Haunt                    Necr/Summ      56%        N/A       21%         7
 Infestation              Necr           66%        N/A       41%         8
 Enfeeble                 Hex            42%        N/A       52%         7
 Ozocubu's Refrigeration  Ice            53%        4d15      52%         7
 Storm Form               Tmut/Air       53%        N/A       52%         7
 Summon Hydra             Summ           42%        N/A       52%         7
 Chain Lightning          Conj/Air       87%        3d116     86%         9
 Fire Storm               Conj/Fire      87%        8d22      86%         9
 Shatter                  Erth           79%        3d57*     99%         9


Dungeon Overview and Level Annotations

Branches:
Dungeon (15/15)            Temple (1/1) D:6            Lair (6/6) D:8
  Swamp (2/4) Lair:4       Spider (0/4) Lair:4        Slime (0/5) Lair:6
    Orc (2/2) D:10            Elf (0/3) Orc:2        Vaults (0/5) D:13
 Depths (0/4) D:15        Volcano (visited)

Altars:
Ashenzari
Cheibriados
Dithmenos
Elyvilon
Fedhas
Gozag
Hepliaklqana
Kikubaaqudgha
Makhleb
Nemelex Xobeh
Okawaru
Qazlal
Ru
Sif Muna
Trog
Uskayaw
Vehumet
Wu Jian
Xom
Yredelemnul
Zin
The Shining One
Beogh

Shops:
D:8 *   D:11 ::=:*=   Orc:1 *   Orc:2 [[[:

Annotations:
Lair:6 1 runed translucent door


Innate Abilities, Weirdness & Mutations

You are partially covered in iridescent scales. (AC +2)
Your mind is acute. (Int +2)
You are robust. (+10% HP)
Your muscles are strong. (Str +2)
Your spells are a little harder to cast, but a little more powerful.


Message History

Moving in this stuff is going to be slow.
Casting: Fulminant Prism (safe; 1% risk of failure)
Confirm with . or Enter, or press ? or * to list all spells.
Aiming: Fulminant Prism (safe; 1% risk of failure)
Press: ? - help, Dir - move target You feel a surge of power!
You conjure a prism of explosive energy!
A fulminant prism comes into view.
The will-o-the-wisp engulfs your fulminant prism!
You now have 36/40 mp.
Your fulminant prism crackles loudly.
The will-o-the-wisp gestures.
The will-o-the-wisp conjures some foxfire!
Your fulminant prism explodes!
The blast of energy engulfs the foxfire!!!
The foxfire is moderately damaged.
The blast of energy engulfs the foxfire!!!!
The foxfire is heavily damaged.
The blast of energy engulfs the will-o-the-wisp!!!
You destroy the will-o-the-wisp!
Cheibriados thoroughly appreciates the change of pace. 2 foxfires come into view.
Casting: Fulminant Prism (safe; 1% risk of failure)
Confirm with . or Enter, or press ? or * to list all spells.
Aiming: Fulminant Prism (safe; 1% risk of failure)
Press: ? - help, Dir - move target You feel a surge of power!
You conjure a prism of explosive energy!
A fulminant prism comes into view.
You now have 33/40 mp.
A fulminant prism is nearby!
A fulminant prism is nearby!
Unknown command.
Your fulminant prism crackles loudly.
Your fulminant prism explodes!
You start resting.
Magic restored.
MP restored: 40
Okay, then.
Are you sure you want to abandon this character and quit the game? (Confirm with "yes".)

♣♣≈≈♣..♣♣♣♣.♣♣♣♣..♣.≈.♣
♣<≈...♣♣♣♣♣.♣ ♣♣♣....♣♣
♣♣).≈...♣.♣.♣♣♣≈♣...♣♣≈
♣..§[≈.≈..♣.♣♣≈.≈.≈..≈≈
♣.≈.≈≈≈≈≈≈..♣.♣..≈♣≈♣.≈
♣♣.≈.≈.≈≈.≈≈...♣..♣♣♣♣.≈
♣.......≈≈.≈≈≈)..≈≈♣♣..≈
♣♣.≈≈≈≈...≈≈♣≈≈≈≈..♣.♣♣≈
♣♣..≈≈≈≈@.≈≈..≈≈..≈.♣♣..≈
♣♣.....≈..♣♣♣♣♣♣≈≈≈≈.≈≈≈≈≈
♣♣♣♣♣.......≈≈♣♣
♣..≈≈≈≈≈≈≈.
♣≈♣...≈≈.....≈≈≈≈♣
♣♣≈§.≈≈≈♣.≈
♣≈<.>≈..>...♣.≈.♣♣
♣.≈....≈.≈
♣.♣...≈....≈≈.≈..♣
♣.≈≈≈≈≈≈≈.
♣♣♣♣♣......♣≈♣.♣
♣≈≈.≈..≈.. ♣...≈≈≈♣♣≈≈.♣
♣.≈.≈.≈≈≈. ♣.≈≈≈.♣♣♣♣..♣
♣.≈.≈≈≈...


There were no monsters in sight!

Vanquished Creatures
  Kirke (D:13)
  The ghost of cbfl8 the Executioner, an adept MiBe of Trog (Swamp:2)
  Louise (Swamp:2)
  2 orc warlords (Orc:2)
  An ironbound preserver (D:13)
  A stone giant (D:15)
  4 eleionomae
  4 bunyips
  A fire dragon (Lair:6)
  3 spectral fenstrider witches (Swamp:2)
  Erolcha (D:13)
  An ogre mage (Orc:2)
  A ghost crab (Swamp:2)
  14 hydras
  A rakshasa (D:14)
  10 boulder beetles
  9 centaur warriors
  9 two-headed ogres
  4 death knights
  4 alligators
  2 tengu warriors (D:15)
  5 death yaks (Lair:6)
  3 spriggans
  4 orc high priests (Orc:2)
  Urug (D:13)
  A fire crab (Lair:6)
  A deep elf knight (D:14)
  A spectral spriggan (Swamp:2)
  A skeletal warrior (D:13)
  3 goliath frogs
  A spriggan druid (Swamp:2)
  2 wizards (D:14)
  5 swamp dragons
  A bog body (Swamp:2)
  2 phantasmal warriors (D:15)
  2 fenstrider witch simulacra (Swamp:2)
  5 orc knights
  3 lindwurms
  4 orc sorcerers (Orc:2)
  7 ugly things (D:14)
  5 will-o-the-wisps
  6 cyclopes
  8 black mambas
  A manticore (D:14)
  25 elephants
  13 cane toads
  An eye of devastation (shapeshifter) (D:11)
  3 molten gargoyles (Volcano)
  5 torpor snails (Lair:6)
  4 gargoyles
  Maggie (Lair:2)
  2 demonic crawlers (D:13)
  2 yaktaurs
  7 komodo dragons
  4 efreet
  3 freezing wraiths (D:15)
  5 rime drakes
  2 unseen horrors (D:13)
  A polar bear (Lair:4)
  A spectral death drake (Swamp:2)
  8 trolls
  7 tyrant leeches
  A bloated husk (Swamp:2)
  10 hornets
  11 blink frogs
  16 slime creatures
  A blink frog (shapeshifter) (D:9)
  2 centaur simulacra (D:14)
  Sigmund (D:5)
  2 shadows
  7 wraiths
  50 yaks
  5 wyverns
  2 fire elementals (Volcano)
  4 hogs (D:13)
  A basilisk (shapeshifter) (D:13)
  3 humans (D:13)
  3 steam dragons
  3 basilisks
  3 redbacks (Lair:4)
  24 vampire mosquitoes
  Menkaure (D:5)
  11 swamp worms
  Edmund (D:5)
  2 spriggan simulacra (Swamp:2)
  4 wargs
  2 death drake simulacra (Swamp:2)
  18 water moccasins
  A swamp drake (Lair:6)
  45 orc warriors
  3 ice beasts
  The ghost of Fos Wory the Chopper, an amateur MiBe of Trog (D:3)
  2 black bears (D:6)
  3 sky beasts
  17 ogres
  18 centaurs
  A kobold brigand (D:10)
  10 bullfrogs
  3 earth elementals (Volcano)
  A wyvern zombie (D:7)
  3 gnoll sergeants
  6 scorpions
  A water moccasin zombie (D:5)
  A hornet simulacrum (D:14)
  12 killer bees
  4 vampire bats (D:13)
  8 wights
  5 electric eels
  4 howler monkeys
  A bullfrog zombie (D:5)
  2 centaur zombies
  2 hounds
  26 orc priests
  4 bullfrog skeletons
  2 gnoll shamans
  3 jellies
  15 iguanas
  Ijyb (D:5)
  9 hell rats
  Natasha (thrice) (D:2)
  11 orc wizards
  A killer bee zombie (D:7)
  3 hound skeletons
  2 howler monkey zombies
  21 gnolls
  8 adders
  A howler monkey skeleton (D:6)
  4 river rats (D:13)
  A white imp (D:5)
  2 ufetubi
  2 adder skeletons (D:4)
  3 worms
  6 dart slugs
  85 orcs
  9 bats
  9 endoplasms
  8 giant cockroaches
  10 hobgoblins
  5 jackals
  14 kobolds
  3 quokkas
  9 ball pythons
  A frilled lizard (D:2)
  5 goblins
  15 rats
  A spectral hobgoblin (D:4)
  4 fire vortices (Volcano)
889 creatures vanquished.

Vanquished Creatures (others)
  An orc priest (Orc:2)
  A fire vortex (Volcano)
  9 foxfires
  94 fulminant prisms
  66 fungi
  71 plants
242 creatures vanquished.

Grand Total: 1131 creatures vanquished

Notes
Turn   | Place    | Note
-------+----------+-------------------------------------------
     0 | D:1      | Psyclone the Deep Elf Conjurer began the quest for the Orb.
     0 | D:1      | Reached XP level 1. HP: 10/10 MP: 6/6
   178 | D:2      | Reached XP level 2. HP: 15/15 MP: 6/8
   181 | D:2      | Learned a level 2 spell: Searing Ray
   211 | D:2      | Reached skill level 5 in Conjurations
   273 | D:2      | Identified 3 scrolls of acquirement
   286 | D:3      | Found a glowing golden altar of the Shining One.
   337 | D:4      | Acquired the +2 cloak of the Hidden Vale {rPois rF- Str+2
                  | Int+8}
   340 | D:4      | Acquired 1255 gold pieces
   346 | D:4      | Acquired 1352 gold pieces
   357 | D:4      | Acquired 1218 gold pieces
   389 | D:4      | Reached XP level 3. HP: 19/19 MP: 2/9
   420 | D:4      | Gained mutation: You are robust. (+10% HP) [potion of
                  | mutation]
   420 | D:4      | Gained mutation: You have hidden genetic potential. [potion
                  | of mutation]
   420 | D:4      | Gained mutation: Your muscles are strong. (Str +2) [potion
                  | of mutation]
   420 | D:4      | Gained mutation: You are partially covered in iridescent
                  | scales. (AC +2) [potion of mutation]
   523 | D:5      | Entered Level 5 of the Dungeon
   527 | D:5      | Reached XP level 4. HP: 18/26 MP: 4/10
   548 | D:5      | Gained mutation: Your mind is acute. (Int +2) [hidden
                  | potential]
   643 | D:5      | Noticed an ice beast
   648 | D:5      | Killed an ice beast
   649 | D:5      | Reached XP level 5. HP: 30/30 MP: 4/11
   654 | D:5      | Gained mutation: Your spells are a little harder to cast,
                  | but a little more powerful. [hidden potential]
   654 | D:5      | Lost mutation: You have hidden genetic potential. [hidden
                  | potential expressed]
   658 | D:5      | Learned a level 4 spell: Fulminant Prism
   764 | D:5      | Found an opulent altar of Gozag.
   771 | D:5      | Became a worshipper of Gozag Ym Sagoz the Greedy
   831 | D:5      | Noticed a sky beast
   840 | D:5      | Killed a sky beast
   841 | D:5      | Reached XP level 6. HP: 28/35 MP: 4/12
   913 | D:5      | Found an iron altar of Okawaru.
   933 | D:5      | Noticed Menkaure
   937 | D:5      | Killed Menkaure
   938 | D:5      | Reached XP level 7. HP: 24/39 MP: 4/13
  1327 | D:7      | Reached skill level 10 in Conjurations
  1384 | D:9      | Acquired 1237 gold pieces
  1393 | D:9      | Acquired the +3 Elemental Staff {rElec rF++ rC++ AC+5}
  1393 | D:9      | Found the +3 Elemental Staff {rElec rF++ rC++ AC+5}
  1405 | D:9      | Acquired 1172 gold pieces
  1478 | D:10     | Entered Level 10 of the Dungeon
  1751 | D:11     | Found Reiheab's General Store.
  1754 | D:11     | Bought a scroll of acquirement for 624 gold pieces
  1779 | D:11     | Acquired the ring of Dishonour {AC+4 Int+8}
  2446 | D:11     | Bought the ring of the Mage {Wiz Archmagi} for 561 gold
                  | pieces
  2446 | D:11     | Found the ring of the Mage {Wiz Archmagi}
  2461 | D:11     | Learned a level 4 spell: Iskenderun's Mystic Blast
  2471 | D:11     | Bought a Young Poisoner's Handbook for 200 gold pieces
  2474 | D:11     | Learned a level 2 spell: Poisonous Vapours
  2524 | D:10     | Reached skill level 5 in Spellcasting
  2919 | D:9      | Reached XP level 8. HP: 36/45 MP: 11/19
  3163 | D:7      | Found an ornate altar of the Wu Jian Council.
  3736 | D:6      | Reached skill level 10 in Spellcasting
  3970 | D:6      | Found a staircase to the Ecumenical Temple.
  3976 | Temple   | Entered the Ecumenical Temple
  4134 | D:5      | Noticed Sigmund
  4139 | D:5      | Killed Sigmund
  4206 | D:5      | Found a shimmering blue altar of Sif Muna.
  4463 | D:3      | Found a transporter.
  4466 | D:3      | Noticed Fos Wory's ghost (amateur MiBe)
  4481 | D:3      | Found a transporter.
  5445 | D:2      | Noticed Natasha
  5448 | D:2      | Killed Natasha
  5514 | D:2      | Found a faded altar of an unknown god.
  5895 | D:2      | Noticed Natasha
  5898 | D:2      | Killed Natasha
  5899 | D:2      | Reached XP level 9. HP: 49/49 MP: 22/26
  6097 | D:2      | Noticed Natasha
  6101 | D:2      | Killed Natasha
  6479 | D:3      | Identified the +1 whip of Eternal Harmony {flame, rElec
                  | Int+2}
  6768 | D:4      | Found a hazy altar of Hepliaklqana.
  7302 | D:11     | Bought the amulet of the Four Winds {rN+ Will+++ Clar} for
                  | 614 gold pieces
  7302 | D:11     | Found the amulet of the Four Winds {rN+ Will+++ Clar}
  8308 | D:11     | Noticed an eight-headed hydra
  8315 | D:11     | Killed an eight-headed hydra
  8327 | D:11     | Noticed a two-headed ogre
  8333 | D:11     | Killed a two-headed ogre
  8335 | D:11     | Noticed a two-headed ogre
  8336 | D:11     | Noticed a komodo dragon
  8346 | D:11     | Killed a two-headed ogre
  8347 | D:11     | Reached XP level 10. HP: 51/63 MP: 0/27
  8950 | D:5      | Noticed Ijyb
  8958 | D:5      | Killed Ijyb
  8959 | D:5      | Reached skill level 5 in Fighting
  8969 | D:5      | Reached skill level 5 in Armour
  8983 | D:5      | Noticed Edmund
  8988 | D:5      | Killed Edmund
  9397 | D:5      | Found a stormy altar of Qazlal.
 10979 | D:8      | Found a bloodstained altar of Trog.
 10996 | D:8      | Found Kiqy Okk's Assorted Antiques.
 11179 | D:8      | Found a staircase to the Lair.
 11522 | D:8      | You fall into a shaft and drop 2 floors!
 11722 | D:8      | Bought 2 sedimented cyan potions for 50 gold pieces
 11828 | D:8      | Reached XP level 11. HP: 73/73 MP: 23/28
 12415 | D:9      | Found the +8 storm bow {elec, penet}
 13041 | D:10     | Found a staircase to the Orcish Mines.
 13153 | D:11     | Bought a manual of Dodging for 800 gold pieces
 13155 | D:11     | Bought a Trismegistus Codex for 364 gold pieces
 13159 | D:11     | Learned a level 3 spell: Ignite Poison
 13164 | D:11     | Learned a level 4 spell: Olgreb's Toxic Radiance
 13264 | D:11     | Reached skill level 1 in Poison Magic
 13517 | D:11     | Noticed a mana viper
 13521 | D:11     | Noticed a lindwurm
 13521 | D:11     | a mana viper changed into a lindwurm
 13522 | D:11     | Noticed a sea snake
 13522 | D:11     | a lindwurm changed into a sea snake
 13526 | D:11     | a sea snake changed into an eye of devastation
 14047 | D:10     | Noticed a seven-headed hydra
 14047 | D:10     | Noticed a two-headed ogre
 14057 | D:10     | Killed a seven-headed hydra
 14060 | D:10     | Killed a two-headed ogre
 14680 | D:10     | Noticed a boulder beetle
 14684 | D:10     | Killed a boulder beetle
 14685 | D:10     | Reached skill level 5 in Dodging
 14808 | D:12     | Reached XP level 12. HP: 83/83 MP: 21/29
 15426 | D:12     | Reached skill level 5 in Poison Magic
 15655 | D:12     | Noticed a four-headed hydra
 15873 | D:12     | Noticed a two-headed ogre
 15877 | D:12     | Killed a two-headed ogre
 15880 | D:12     | Noticed a boulder beetle
 15885 | D:12     | Killed a boulder beetle
 16019 | D:12     | Noticed a two-headed ogre
 16023 | D:12     | Killed a two-headed ogre
 16298 | Orc:1    | Entered Level 1 of the Orcish Mines
 16298 | Orc:1    | Found Bucsurua's General Store.
 16631 | Orc:1    | Bought a potion of degeneration for 12 gold pieces
 16821 | Orc:2    | Entered Level 2 of the Orcish Mines
 16823 | Orc:2    | Noticed a two-headed ogre
 16824 | Orc:2    | Reached skill level 10 in Fighting
 16826 | Orc:2    | Killed a two-headed ogre
 17161 | Orc:1    | You fall into a shaft and drop 1 floor!
 17187 | Orc:2    | Noticed a two-headed ogre
 17190 | Orc:2    | Killed a two-headed ogre
 17652 | Orc:2    | Learned a level 3 spell: Mephitic Cloud
 17966 | Orc:2    | Reached skill level 10 in Dodging
 17981 | Orc:2    | Found a staircase to the Elven Halls.
 18237 | Orc:2    | Found Jij Sur's Antique Armour Shoppe.
 18239 | Orc:2    | Noticed an orc high priest
 18242 | Orc:2    | Killed an orc high priest
 18265 | Orc:2    | Bought a pair of runed boots for 172 gold pieces
 18356 | Orc:2    | Reached XP level 13. HP: 84/92 MP: 23/30
 18367 | Orc:2    | Found Fomogynk's Antique Armour Shop.
 18378 | Orc:2    | Noticed an orc warlord
 18540 | Orc:2    | Killed an orc warlord
 19122 | Orc:2    | Noticed an orc warlord
 19142 | Orc:2    | Killed an orc warlord
 19482 | Orc:2    | Found Taqieheg's Antique Armour Boutique.
 19491 | Orc:2    | Bought a pair of embroidered gloves for 150 gold pieces
 19510 | Orc:2    | Found Alasek's Book Shop.
 20497 | D:11     | Bought a manual of Shields for 1040 gold pieces
 20499 | D:11     | Bought a manual of Conjurations for 800 gold pieces
 20508 | D:11     | Learned a level 5 spell: Freezing Cloud
 20515 | D:11     | Learned a level 6 spell: Statue Form
 20614 | Lair:1   | Entered Level 1 of the Lair of Beasts
 20688 | Lair:1   | Found a dark tunnel.
 20702 | Volcano  | Entered a volcano
 20716 | Volcano  | Reached skill level 15 in Dodging
 21922 | Lair:1   | Got the Almanac of Evil Secrets
 22400 | Lair:2   | Noticed Maggie
 22404 | Lair:2   | Killed Maggie
 22992 | Lair:2   | Identified the +2 hand axe of Guotsole {venom, *Corrode rN+
                  | Int+2 Stlth+}
 23675 | D:11     | Bought a manual of Dodging for 1280 gold pieces
 24257 | Lair:3   | Reached XP level 14. HP: 100/101 MP: 23/32
 25715 | Lair:4   | Found a staircase to the Swamp.
 25967 | Lair:4   | Found a hole to the Spider Nest.
 26302 | Lair:4   | Reached skill level 1 in Shields
 27638 | Lair:6   | Entered Level 6 of the Lair of Beasts
 27643 | Lair:6   | Found a staircase to the Slime Pits.
 28027 | Lair:6   | Reached skill level 15 in Conjurations
 28174 | Lair:6   | Reached skill level 5 in Shields
 28174 | Lair:6   | Reached skill level 15 in Spellcasting
 29155 | Lair:6   | Learned a level 5 spell: Borgnjor's Vile Clutch
 29281 | Lair:6   | Found a runed translucent door.
 29559 | D:11     | Bought an Inescapable Atlas for 340 gold pieces
 29561 | D:11     | Bought the Tome of Clay and the Voyage for 598 gold pieces
 29562 | D:11     | Bought a book of Annihilations for 960 gold pieces
 29565 | D:11     | Learned a level 2 spell: Blink
 29926 | Temple   | Fell from the grace of Gozag
 29926 | Temple   | Became a worshipper of Cheibriados the Contemplative
 30197 | Lair:6   | Reached XP level 15. HP: 104/105 MP: 24/36
 30248 | Lair:6   | Reached skill level 1 in Necromancy
 30248 | Lair:6   | Reached skill level 1 in Earth Magic
 30441 | Lair:6   | Reached * piety under Cheibriados
 31239 | D:13     | Noticed Urug
 31246 | D:13     | Killed Urug
 31405 | D:13     | Reached skill level 5 in Necromancy
 31620 | D:13     | Reached ** piety under Cheibriados
 32047 | D:13     | Reached skill level 5 in Earth Magic
 32092 | D:13     | Found a gate to the Vaults.
 32099 | D:13     | Reached *** piety under Cheibriados
 32297 | D:13     | Noticed Kirke
 32302 | D:13     | Killed Kirke
 32516 | D:13     | Noticed Erolcha
 32520 | D:13     | Killed Erolcha
 32655 | D:13     | Reached **** piety under Cheibriados
 33571 | D:14     | Reached ***** piety under Cheibriados
 33572 | D:14     | Reached skill level 10 in Shields
 34995 | D:15     | Entered Level 15 of the Dungeon
 35246 | D:15     | Reached XP level 16. HP: 92/111 MP: 26/38
 35787 | D:15     | Found a white marble altar of Elyvilon.
 36259 | D:15     | Found a staircase to the Depths.
 37137 | Swamp:1  | Entered Level 1 of the Swamp
 37486 | Swamp:1  | Reached ****** piety under Cheibriados
 38835 | D:12     | Was forgiven by Gozag
 39366 | D:3      | Killed Fos Wory's ghost
 39669 | Swamp:2  | Noticed Louise
 39675 | Swamp:2  | Killed Louise
 40750 | Swamp:2  | Found a runed translucent gate.
 40751 | Swamp:2  | Found a runed translucent gate.
 40752 | Swamp:2  | Found a runed translucent gate.
 40754 | Swamp:2  | Noticed cbfl8's ghost (adept MiBe)
 40780 | Swamp:2  | Killed cbfl8's ghost
 40889 | Swamp:2  | Identified the +8 hand axe of Tedalom {vorpal, *Noise Str+4
                  | Dex+8}
 40992 | Swamp:2  | Quit the game

Illustrated notes

Levels and vault maps discovered:
D:1:      wander_arrival_fairy_ring, layout_basic, chequers_serial_rivers_room_a
D:2:      layout_loops_ring, shapermc_ecumenical_altar_venn, uniq_natasha
D:3:      layout_loops_ring, mainiacjoe_overflow_chevrons,
          gammafunk_ghost_arena, hangedman_glass_teeth
D:4:      layout_basic, nicolae_hepliaklqana_monster_ancestors,
          due_unseen_surprise
D:5:      layout_basic, lemuel_doored_altar, overflow_temple_1_default,
          amethyst_overflow_temple_binary, minmay_manual_mess, uniq_ijyb,
          uniq_edmund, uniq_sigmund, uniq_menkaure
D:6:      layout_layer_cave, minmay_temple_entry_hall
D:7:      layout_basic, nicolae_wu_jian_immortal_techniques
D:8:      layout_rooms, lightli_temple_of_fire, minmay_lair_entry_grove,
          serial_shops, shop
D:9:      layout_cave_pools, grunt_decor_clamped
D:10:     minmay_diamond_stairs, layout_basic
D:11:     layout_gridville, serial_shops, kennysheep_mini_moat
D:12:     layout_loops_corners, lightli_corner_chamber
D:13:     layout_rooms, skrybe_vaults_entry_preservation, fountainhead,
          hangedman_parallel_progression, uniq_kirke, uniq_urug, uniq_erolcha
D:14:     layout_basic, nicolae_wwwww, minmay_pinched_square
D:15:     grunt_enter_depths_snipers, layout_long_grid, elyvilon_altar_5
Temple:   jpeg_temple_clearing
Lair:1:   layout_loops_ring, nicolae_volcano_entry_hallway, st_stairs_7
Lair:2:   layout_loops_ring, infiniplex_staircase_pool, uniq_maggie
Lair:3:   layout_hall_layers
Lair:4:   layout_loops_ring, minmay_swamp_entry_worms, spider_nest_entry_webs,
          lemuel_old_faithful, grunt_megastairs_3
Lair:5:   layout_regular_city
Lair:6:   guppyfry_lair_end_dragon, layout_gridlike, wormcave,
          minmay_slime_entry_pillars
Swamp:1:  layout_falls_marsh, evilmike_swamp_ruin_house_2,
          nicolae_swamp_treefoil, swamp_pool1, nicolae_swamp_well_well_well
Swamp:2:  nicolae_swamp_tree_isthmus, layout_falls_marsh,
          gammafunk_ghost_necromancy, nicolae_swamp_triple_paths, swamp_pool1,
          uniq_louise
Orc:1:    layout_caves, serial_shops, shop
Orc:2:    pubby_orc_utopia, serial_shops

Skill      XL: |  1  2  3  4  5  6  7  8  9 10 11 12 13 14 15 16 |
---------------+-------------------------------------------------+-----
Conjurations   | 5 6 7 8 9 10 11 15 17 18 | 18.0
Spellcasting   | 6 11 12 15 16 18 | 18.0
Fighting       | 4 7 9 11 12 13 | 13.1
Armour         | 4 7 8 9 |  9.0
Poison Magic   | 4 6 |  6.0
Dodging        | 5 10 17 | 17.0
Shields        | 6 10 | 10.9
Necromancy     | 6 |  6.0
Earth Magic    | 6 |  6.0
Stealth        | |  2.4

Action                   |  1- 3 |  4- 6 |  7- 9 | 10-12 | 13-15 | 16-18 || total
-------------------------+-------+-------+-------+-------+-------+-------++-------
Melee: Staff             |       |       |     1 |    24 |    54 |    21 ||   100
 Cast: Magic Dart        |    16 |     3 |   100 |    42 |     1 |       ||   162
       Searing Ray       |     5 |     7 |    57 |    22 |       |       ||    91
       Fulminant Prism   |       |       |     8 |    77 |     2 |     7 ||    94
       Iskenderun's Myst |       |       |       |    20 |   112 |    71 ||   203
       Poisonous Vapours |       |       |       |    38 |   151 |    47 ||   236
       Ignite Poison     |       |       |       |    45 |   149 |    35 ||   229
       Olgreb's Toxic Ra |       |       |       |    22 |    66 |    10 ||    98
       Freezing Cloud    |       |       |       |       |    68 |    27 ||    95
       Mephitic Cloud    |       |       |       |       |     6 |       ||     6
       Borgnjor's Vile C |       |       |       |       |     3 |     3 ||     6
       Statue Form       |       |       |       |       |       |     4 ||     4
Invok: Call Merchant     |       |       |     5 |       |       |       ||     5
Evoke: Wand              |       |       |       |       |       |     2 ||     2
  Use: Scroll            |     5 |       |     4 |       |     1 |       ||    10
       Potion            |     1 |       |       |       |       |       ||     1
Armor: Robe              |     1 |     1 |    23 |    61 |    85 |     2 ||   173
       Steam dragon scal |       |       |       |       |       |    25 ||    25
       Skin              |       |       |       |       |       |    23 ||    23
Dodge: Dodged            |     3 |     3 |    17 |    88 |   259 |   143 ||   513
Block: Other             |       |       |     8 |       |       |       ||     8
       Buckler           |       |       |       |       |    73 |    52 ||   125
